Map: Deathaura LE

Players

Hydra

  • Race: Protoss Protoss
  • Spawn Location: 11:00

Iwanow - Winner!

  • Race: Protoss Protoss
  • League: Platinum
  • Spawn Location: 5:00

VOD

Have the link to the VOD?

Description

Time

  • Played on: Sept. 18, 2020, 3:40 p.m.
  • Length: 6:11
Show
View Real Time Build Order
Export as new Build Order

Hydra Protoss 

Build Orders:  

Get SALT Encoding   

  12  0:01  Probe (Chrono Boost)  
  13  0:12  Probe (Chrono Boost)  
  14  0:18  Pylon  
  14  0:22  Probe  
  15  0:39  Gateway  
  15  0:55  Probe  
  16  1:07  Probe  
  17  1:19  Probe  
  18  1:27  Cybernetics Core  
  18  1:31  Probe (Chrono Boost)  
  19  1:41  Assimilator  
  19  1:43  Probe (Chrono Boost)  
  20  1:50  Zealot  
  20  1:51  Probe (Chrono Boost)  
  23  2:13  Nexus  
  23  2:17  Pylon  
  23  2:30  Forge  
  23  2:35  Probe  
  24  2:47  Probe (Chrono Boost)  
  25  2:57  Probe (Chrono Boost)  
  26  3:00  Adept  
  26  3:02  Probe (Chrono Boost)  
  29  3:09  Assimilator  
  29  3:13  Probe  
  29  3:18  Warp Gate  
  30  3:29  Pylon  
  30  3:40  Probe  
  31  3:42  Probe  
  32  3:49  Sentry  
  32  3:52  Probe  
  32  3:54  Probe  
  36  4:03  Photon Cannon  
  36  4:04  Photon Cannon, Probe  
  36  4:05  Photon Cannon  
  36  4:06  Probe  
  38  4:13  Assimilator  
  38  4:15  Assimilator  
  38  4:16  Probe  
  39  4:19  Probe  
  40  4:26  Nexus  
  40  4:28  Probe  
  40  4:31  Probe  
  42  4:37  Stalker  
  38  4:56  Gateway  
  38  4:59  Gateway  
  31  5:02  Gateway  
  31  5:05  Probe  
  31  5:07  Stalker  
  23  5:25  Pylon  
  21  5:34  Gateway  
  20  6:02  Stalker  
  20  6:03  Stalker  
Show
View Real Time Build Order
Export as new Build Order

Iwanow Protoss - Winner!

Build Orders:  

Get SALT Encoding   

  12  0:01  Probe  
  13  0:13  Pylon  
  13  0:22  Probe (Chrono Boost)  
  14  0:33  Probe (Chrono Boost)  
  15  0:37  Gateway  
  15  0:43  Assimilator  
  15  0:52  Pylon  
  15  0:55  Probe  
  16  1:07  Probe  
  17  1:19  Probe  
  17  1:22  Gateway  
  18  1:26  Cybernetics Core  
  18  1:31  Probe  
  19  1:42  Assimilator  
  19  1:43  Probe  
  20  1:55  Probe  
  21  2:05  Warp Gate (Chrono Boost)  
  21  2:06  Gateway  
  21  2:07  Probe  
  22  2:20  Gateway, Pylon  
  22  2:57  Nexus  
  22  3:02  Stalker x2  
  26  3:08  Pylon  
  26  3:13  Stalker  
  28  3:57  Stalker  
  28  3:58  Stalker x3  
  36  4:21  Stalker, Pylon  
  36  4:23  Stalker  
  40  4:25  Zealot  
  40  4:26  Zealot  
  39  4:52  Stalker  
  39  4:56  Zealot x2  
  39  4:57  Zealot  
  43  5:20  Zealot x3  
  43  5:21  Zealot  
  51  5:31  Nexus  
  51  5:39  Assimilator  
  51  5:42  Assimilator  
  51  5:44  Robotics Facility  
Tags
 
League
Platinum
Matchup
PvP
Replay Pack
test
Spawn Locations
Cross Positions
Add a new tag
Caveats
  • Supply blocks, unpowered buildings, or Contaminate may cause inaccurate times.
  • Supply counts are checked every 10 seconds.